 Dungeon Crawl Stone Soup version 0.29.0-13-gc9e81de378 (webtiles) character file.

Game seed: 10252277869771964406

18 Artool the Cudgeller (level 2, -1/21 (22) HPs)
             Began as a Demonspawn Gladiator on Sept 7, 2022.
             Frozen to death by an endoplasm (3 damage)
             ... on level 1 of the Dungeon.
             The game lasted 00:01:20 (343 turns).

Artool the Cudgeller (Demonspawn Gladiator)          Turns: 343, Time: 00:01:20

HP:   -1/21 (22)    AC:  4    Str: 14    XL:     2   Next: 51%
MP:   2/2           EV: 12    Int:  9    God:
Gold: 32            SH:  0    Dex: 14    Spells: 1/1 levels left

rFire   . . .      SeeInvis .   a - +0 flail
rCold   . . .      Faith    .   (no shield)
rNeg    . . .      Spirit   .   b - +0 leather armour
rPois   .          Reflect  .   c - +0 helmet
rElec   .          Harm     .   (no cloak)
rCorr   .          Rampage  .   (no gloves)
Will    .....                   (no boots)
Stlth   +.........              (no amulet)
HPRegen 0.07/turn               (no ring)
MPRegen 0.08/turn               (no ring)

@: lightly drained
A: foul stench 1
a: no special abilities


You were on level 1 of the Dungeon.
You visited 1 branch of the dungeon, and saw 1 of its levels.

You collected 32 gold pieces.

Inventory:

Hand Weapons
 a - a +0 flail (weapon)
Missiles
 d - 3 throwing nets (quivered)
 e - a javelin
Armour
 b - a +0 leather armour (worn)
 c - a +0 helmet (worn)
Scrolls
 f - a scroll of silence {unknown}
 g - a scroll of torment {unknown}
Potions
 h - a potion of lignification {unknown}


   Skills:
 + Level 2.2 Fighting
 + Level 2.9 Maces & Flails
 - Level 2.0 Throwing
 + Level 0.7 Armour
 + Level 2.9 Dodging


You had one spell level left.
You didn't know any spells.
Your spell library was empty.

Dungeon Overview and Level Annotations

Branches:
Dungeon (1/15)

Altars:


Innate Abilities, Weirdness & Mutations

You may rarely emit foul miasma when damaged in melee.


Message History

The hobgoblin hits you but does no damage.
The hobgoblin attacks as you move away! The hobgoblin hits you.
The goblin shouts!
You hit the frilled lizard.
You kill the frilled lizard!
You barely miss the goblin. The goblin hits you with a +0 dagger.
You emit a cloud of foul miasma!
You closely miss the goblin.
The goblin is engulfed in dark miasma.
The goblin is poisoned.
The goblin hits you with a +0 dagger.
The goblin is engulfed in dark miasma.
The goblin looks even sicker.
You kill the goblin!
The endoplasm freezes you.
You are frozen.
Things that are here:
a +0 dagger; a goblin corpse You hit the endoplasm.
The endoplasm is lightly wounded.
The goblin hits you with a +2 dagger of draining.
You feel drained. The endoplasm hits you.
You barely miss the endoplasm. The goblin closely misses you.
The endoplasm freezes you.
You are frozen.
* * * LOW HITPOINT WARNING * * *
You completely miss the hobgoblin.
The hobgoblin is lightly wounded.
The hobgoblin closely misses you.
You hit the hobgoblin but do no damage.
The hobgoblin is lightly wounded.
The hobgoblin closely misses you. The hobgoblin hits you.
* * * LOW HITPOINT WARNING * * *
You hit the hobgoblin.
The hobgoblin is heavily wounded.
The hobgoblin completely misses you.
You hit the hobgoblin.
You kill the hobgoblin!
You hit the endoplasm.
The endoplasm is moderately wounded.
The endoplasm freezes you.
You are frozen.
You die...

##### ########
#####...######.......
...............####..
####...######## #..#
###.## #.## #...# #.#
#######@### #.#
$#.....#J# #.# ........g#
#.# .......†.# #######.##
.............>...........
.........#############.##
.........# ##..#
.........# #..##
.........# #.##


You could see an endoplasm and a goblin.

Vanquished Creatures
  3 ball pythons (D:1)
  An endoplasm (D:1)
  A giant cockroach (D:1)
  3 goblins (D:1)
  3 hobgoblins (D:1)
  2 bats (D:1)
  A frilled lizard (D:1)
  A kobold (D:1)
  2 rats (D:1)
17 creatures vanquished.

Notes
Turn   | Place    | Note
-------+----------+-------------------------------------------
     0 | D:1      | Artool the Demonspawn Gladiator began the quest for the
                  | Orb.
     0 | D:1      | Reached XP level 1. HP: 16/16 MP: 1/1
    43 | D:1      | Gained mutation: You may rarely emit foul miasma when
                  | damaged in melee. [demonic ancestry]
    43 | D:1      | Reached XP level 2. HP: 11/22 MP: 2/2
   340 | D:1      | HP: 1/21 [hobgoblin (4)]
   343 | D:1      | Frozen to death by an endoplasm

Illustrated notes

Levels and vault maps discovered:
D:1:      tarquinn_simple_flora_water_f, layout_rooms

Skill      XL: |  1  2 |
---------------+-------+-----
Throwing       | 2 |  2.0
Fighting       | |  2.2
Maces & Flails | |  2.9
Armour         | |  0.7
Dodging        | |  2.9

Action                   || total
-------------------------++-------
Melee: Flail             ||    43
Armor: Leather armour    ||    14
Dodge: Dodged            ||    38
